 Dungeon Crawl Stone Soup version 0.23-a0-582-g1b4a0ca (webtiles) character file.

171 Leeroy the Charmwright (level 5, -1/43 HPs)
             Began as a Gnoll Skald on Dec 16, 2018.
             Slain by Duffy's ghost (3 damage)
             ... while paralysed by Grinder
             ... on level 4 of the Dungeon on Dec 17, 2018.
             The game lasted 00:10:34 (1977 turns).

Leeroy the Charmwright (Gnoll Skald)                Turns: 1977, Time: 00:10:35

Health: -1/43      AC: 10    Str: 13    XL:     5   Next: 51%
Magic:  12/12      EV:  2    Int: 15    God:
Gold:   123        SH:  0    Dex: 20    Spells: 3/14 levels left

rFire    . . .     SeeInvis .   D - +0 dagger
rCold    . . .     Gourm    .   (no shield)
rNeg     . . .     Faith    .   p - +0 ring mail
rPois    .         Spirit   .   e - +1 helmet
rElec    .         Reflect  .   t - +2 cloak {+Inv}
rCorr    .         Harm     .   (no gloves)
MR       .....                  (no boots)
Stlth    ++........             (no amulet)
HPRegen  0.14/turn              (no ring)
MPRegen  0.13/turn              (no ring)

@: paralysed, very slightly contaminated
A: distributed training, fangs 1, agile 2, mutation resistance 1, strong nose
a: Evoke Invisibility


You were on level 4 of the Dungeon.
You were hungry.

You visited 1 branch of the dungeon, and saw 4 of its levels.

You collected 123 gold pieces.

Inventory:

Hand Weapons
 a - a +0 falchion
 s - a +3 quarterstaff of chaos
 v - a +0 spear
 C - a +0 falchion
 D - a +0 dagger (weapon)
Missiles
 f - 6 javelins (quivered)
 g - 143 stones
 k - 38 sling bullets
 B - 5 tomahawks
Armour
 b - a +0 leather armour
 e - a +1 helmet (worn)
 p - a +0 ring mail (worn)
 t - a +2 cloak of invisibility (worn)
Jewellery
 h - an uncursed amulet of the gourmand {unknown}
Scrolls
 i - 3 scrolls of fear {unknown}
 l - a scroll of blinking {unknown}
 n - 4 scrolls of remove curse
 o - 2 scrolls of teleportation {unknown}
 q - 10 scrolls of identify {unknown}
 r - a scroll of enchant armour {unknown}
 w - a scroll of magic mapping {unknown}
 y - a scroll of random uselessness {unknown}
Potions
 c - a potion of mutation
 j - a potion of berserk rage {unknown}
 m - a potion of curing
 u - a potion of resistance
 z - a potion of heal wounds {unknown}
 A - a potion of brilliance {unknown}
Comestibles
 d - 9 rations


   Skills:
 + Level 4.8 Fighting
 + Level 1.5 Short Blades
 + Level 4.8 Long Blades
 + Level 1.5 Axes
 + Level 1.5 Maces & Flails
 + Level 1.5 Polearms
 + Level 1.5 Staves
 + Level 1.5 Slings
 + Level 1.5 Bows
 + Level 1.5 Crossbows
 + Level 1.5 Throwing
 + Level 3.0 Armour
 + Level 4.8 Dodging
 + Level 1.5 Stealth
 + Level 1.5 Shields
 + Level 1.5 Unarmed Combat
 + Level 5.2 Spellcasting
 + Level 1.2 Conjurations
 + Level 1.2 Hexes
 + Level 5.5 Charms
 + Level 1.2 Summonings
 + Level 1.2 Necromancy
 + Level 1.2 Translocations
 + Level 1.2 Transmutations
 + Level 1.2 Fire Magic
 + Level 1.2 Ice Magic
 + Level 1.2 Air Magic
 + Level 1.2 Earth Magic
 + Level 1.2 Poison Magic
 + Level 1.7 Invocations
 + Level 1.5 Evocations


You had 3 spell levels left.
You knew the following spells:

 Your Spells              Type           Power        Failure   Level  Hunger
a - Infusion              Chrm           ###.         3%          1    None
b - Song of Slaying       Chrm           ###.....     4%          2    ##.....
c - Shroud of Golubria    Chrm/Tloc      ##........   12%         2    ##.....
d - Regeneration          Chrm/Necr      ##........   24%         3    ###....
e - Spectral Weapon       Hex/Chrm       ##......     24%         3    ###....

Your spell library contained the following spells:

 Spells                   Type           Power        Failure   Level  Hunger


Dungeon Overview and Level Annotations

Branches:
Dungeon (4/15)
 Temple: D:4-7

Altars:

Annotations:
D:4 Duffy's ghost, amateur VSFi; Grinder


Innate Abilities, Weirdness & Mutations

Your experience applies equally to all skills.
You have very sharp teeth.
Your uncanny sense of smell can sniff out nearby items.
You are very agile. (Dex +4)
You are somewhat resistant to further mutation.


Message History

Duffy's ghost hits you but does no damage.
You hit Duffy's ghost but do no damage.
Your spectral weapon hits Duffy's ghost but does no damage.
Duffy's ghost hits you.
* * * LOW HITPOINT WARNING * * *
Duffy's ghost barely misses your spectral weapon.
Your spectral weapon fades away.
Duffy's ghost sneers, "Do you call that fighting?"
A worm and Grinder come into view.
Duffy's ghost whispers, "Death is liberation."
Grinder shouts!
An adder comes into view.
Grinder gestures at you.
You suddenly lose the ability to move!
Duffy's ghost hits you.
* * * LOW HITPOINT WARNING * * *
Grinder blinks!
Duffy's ghost hits you but does no damage.
Duffy's ghost hits you.
You die...

...#######.....#
.. #.....#
#.....# #.....#
#.....+ +.....#
#...5.#
#####W....#
#...@.....#
#.........#
#.w.......#
#.....ยง...#
#.........#
#.........#
#.........#
..........#


You could see Grinder, a worm and Duffy's ghost.

Vanquished Creatures
  Crazy Yiuf (D:2)
  A worker ant (D:3)
  3 adders
  An adder skeleton (D:3)
  A worm (D:3)
  2 dart slugs
  6 leopard geckos
  4 orcs (D:3)
  2 bats
  3 giant cockroaches
  5 goblins
  8 hobgoblins
  11 jackals
  8 kobolds
  A quokka (D:3)
  2 frilled lizards
  7 rats
66 creatures vanquished.

Vanquished Creatures (others)
  A fungus (D:3)
  3 plants (D:3)
4 creatures vanquished.

Grand Total: 70 creatures vanquished

Notes
Turn   | Place    | Note
-------+----------+-------------------------------------------
     0 | D:1      | Leeroy the Gnoll Skald began the quest for the Orb.
     0 | D:1      | Reached XP level 1. HP: 20/20 MP: 6/6
   109 | D:1      | Reached XP level 2. HP: 20/26 MP: 7/7
   136 | D:1      | Learned a level 2 spell: Song of Slaying
   139 | D:1      | Learned a level 2 spell: Shroud of Golubria
   445 | D:2      | Reached XP level 3. HP: 25/31 MP: 9/9
   471 | D:2      | Reached skill level 5 in Spellcasting
   508 | D:2      | Learned a level 3 spell: Regeneration
   512 | D:2      | Learned a level 3 spell: Spectral Weapon
   709 | D:2      | Reached skill level 1 in Invocations
   865 | D:2      | Found a runed door.
   869 | D:2      | Noticed Crazy Yiuf
   931 | D:2      | Killed Crazy Yiuf
   931 | D:2      | Reached skill level 1 in Short Blades
   931 | D:2      | Reached skill level 1 in Axes
   931 | D:2      | Reached skill level 1 in Maces & Flails
   931 | D:2      | Reached skill level 1 in Polearms
   931 | D:2      | Reached skill level 1 in Staves
   931 | D:2      | Reached skill level 1 in Slings
   931 | D:2      | Reached skill level 1 in Bows
   931 | D:2      | Reached skill level 1 in Crossbows
   931 | D:2      | Reached skill level 1 in Throwing
   931 | D:2      | Reached skill level 1 in Stealth
   931 | D:2      | Reached skill level 1 in Shields
   931 | D:2      | Reached skill level 1 in Unarmed Combat
   931 | D:2      | Reached skill level 1 in Evocations
   931 | D:2      | Reached XP level 4. HP: 11/38 MP: 1/11
  1180 | D:3      | Reached skill level 1 in Conjurations
  1180 | D:3      | Reached skill level 1 in Hexes
  1180 | D:3      | Reached skill level 1 in Summonings
  1180 | D:3      | Reached skill level 1 in Necromancy
  1180 | D:3      | Reached skill level 1 in Translocations
  1180 | D:3      | Reached skill level 1 in Transmutations
  1180 | D:3      | Reached skill level 1 in Fire Magic
  1180 | D:3      | Reached skill level 1 in Ice Magic
  1180 | D:3      | Reached skill level 1 in Air Magic
  1180 | D:3      | Reached skill level 1 in Earth Magic
  1180 | D:3      | Reached skill level 1 in Poison Magic
  1289 | D:3      | Reached XP level 5. HP: 32/43 MP: 12/12
  1496 | D:3      | Noticed Duffy's ghost (amateur VSFi)
  1497 | D:3      | Noticed a big kobold
  1497 | D:3      | Found a runed gate.
  1497 | D:3      | Found a runed gate.
  1497 | D:3      | Found a runed gate.
  1502 | D:3      | Noticed a big kobold
  1948 | D:4      | Gained mutation: You are agile. (Dex +2) [potion of
                  | mutation]
  1948 | D:4      | Gained mutation: You are somewhat resistant to further
                  | mutation. [potion of mutation]
  1948 | D:4      | Gained mutation: You are very agile. (Dex +4) [potion of
                  | mutation]
  1958 | D:4      | HP: 2/43 [Duffy's ghost (5)]
  1972 | D:4      | Noticed Grinder
  1974 | D:4      | Paralysed by Grinder for 5 turns
  1975 | D:4      | HP: 2/43 [Duffy's ghost (3)]
  1977 | D:4      | Slain by Duffy's ghost

Vault maps used:
D:1:      minmay_arrival_stone_box
D:2:      grunt_ministairs_14, uniq_crazy_yiuf_cottage
D:3:      gammafunk_ghost_nasty_kobolds, lightli_corner_chamber
D:4:      gammafunk_temple_overflow_arena, first_ration, minmay_between,
          uniq_grinder

Skill      XL: |  1  2  3  4  5 |
---------------+----------------+-----
Spellcasting   | 5 |  5.2
Invocations    | 1 |  1.7
Short Blades   | 1 |  1.5
Axes           | 1 |  1.5
Maces & Flails | 1 |  1.5
Polearms       | 1 |  1.5
Staves         | 1 |  1.5
Slings         | 1 |  1.5
Bows           | 1 |  1.5
Crossbows      | 1 |  1.5
Throwing       | 1 |  1.5
Stealth        | 1 |  1.5
Shields        | 1 |  1.5
Unarmed Combat | 1 |  1.5
Evocations     | 1 |  1.5
Conjurations   | 1 |  1.2
Hexes          | 1 |  1.2
Summonings     | 1 |  1.2
Necromancy     | 1 |  1.2
Translocations | 1 |  1.2
Transmutations | 1 |  1.2
Fire Magic     | 1 |  1.2
Ice Magic      | 1 |  1.2
Air Magic      | 1 |  1.2
Earth Magic    | 1 |  1.2
Poison Magic   | 1 |  1.2
Armour         | 3 |  3.0
Fighting       | |  4.8
Long Blades    | |  4.8
Dodging        | |  4.8
Charms         | |  5.5

Action                   |  1- 3 |  4- 6 || total
-------------------------+-------+-------++-------
Melee: Falchion          |   100 |   102 ||   202
       Bite              |     7 |    11 ||    18
       Punch             |       |     1 ||     1
       Dagger            |       |    13 ||    13
Throw: Javelin           |     2 |       ||     2
 Cast: Song of Slaying   |     1 |     1 ||     2
       Regeneration      |     2 |       ||     2
       Shroud of Golubri |     1 |       ||     1
       Spectral Weapon   |       |     1 ||     1
 Abil: Evoke Invisibilit |       |     2 ||     2
  Use: Potion            |     1 |     2 ||     3
       Scroll            |     1 |       ||     1
 Stab: Invisible         |       |     3 ||     3
       Sleeping          |       |     1 ||     1
  Eat: Chunk             |       |     1 ||     1
       Ration            |       |     1 ||     1
Armor: Leather armour    |    12 |       ||    12
       Ring mail         |    14 |    61 ||    75
Dodge: Dodged            |    76 |   120 ||   196
       Rpst.: Falchion   |    30 |    31 ||    61

Table legend:
 A = Non-vault XP
 B = Vault XP
 C = Vault XP percentage of total XP
 D = Non-vault monster count
 E = Vault monster count
 F = Vault count percentage of total count
                 A         B        C        D         E       F
            +---------+---------+-------+---------+---------+-------
      Total |     190 |      55 |  22.4 |      59 |       7 |  10.6
            +---------+---------+-------+---------+---------+-------
        D:1 |      31 |       0 |   0.0 |      16 |       0 |   0.0
        D:2 |      38 |      48 |  55.8 |      15 |       3 |  16.7
        D:3 |     121 |       7 |   5.5 |      28 |       4 |  12.5
            +---------+---------+-------+---------+---------+-------
